[Event "9e Open International de Porticcio"]
[Site "Porticcio, France"]
[Date "2024.07.01"]
[Round "4.4"]
[White "Batsiashvili, Nino"]
[Black "Roux, Baptiste"]
[Result "1-0"]
[TimeControl "1h30+30s/move"]
[WhiteElo "2450"]
[BlackElo "2352"]

1. d4 d5 2. c4 dxc4 3. Nf3 Nf6 4. e3 a6 5. Bxc4 b5 6. Be2 Bb7 7. O-O e6 8. a4 b4 9. Nbd2 c5 10.
Nc4 Nbd7 11. a5 Be7 12. dxc5 Nxc5 13. Bd2 Nd5 14. Qe1 Rb8 15. Nd4 O-O 16. Rd1 Qc7 17. f3 Bf6 18. Qg3 Qxg3 19.
hxg3 Rfd8 20. Bc1 e5 21. Nf5 b3 22. e4 Nb4 23. Be3 Ne6 24. Bb6 Rxd1 25. Bxd1 Nc2 26. Bxc2 bxc2 27. Rc1 Bc6 28. Rxc2 Ba4 29. Rd2 Rc8 30.
Nfd6 Rc6 31. Rd3 Be7 32. b3 Bxd6 33. Nxd6 Nd4 34. bxa4 Rxd6 35. Kf2 f6 36. Bxd4 exd4 37. Ke2 Kf7 38.
Rb3 Rc6 39. Kd3 Rc5 40. Kxd4 Rxa5 41. Rb4 Kg6 42. g4 h5 43. gxh5+ Kxh5 44. Rc4 Kh4 45. g4 Kg3 46. Ke3 Kg2 47.
Kf4 Kh3 48. Rd4 Rc5 49. Rd5 Rc3 50. g5 Kg2 51. Rd2+ Kh3 52. gxf6 gxf6 53. Rd6 Kg2 54. Rxf6 Rxf3+ 55. Ke5 1-0

[Event "9e Open International de Porticcio"]
[Site "Porticcio, France"]
[Date "2024.07.01"]
[Round "4.5"]
[White "Yankelevich, Lev"]
[Black "Malassagne, Raphael"]
[Result "1-0"]
[TimeControl "1h30+30s/move"]
[WhiteElo "2416"]
[BlackElo "2259"]

1. d4 Nf6 2. c4 c5 3. d5 b5 4. cxb5 a6 5. e3 Bb7 6. Nc3 Qa5 7. Bd2 axb5 8. Bxb5 Qb6 9. Nf3 Nxd5 10.
a4 e6 11. Ne5 Be7 12. O-O O-O 13. Qe2 Qc7 14. Nxd5 exd5 15. Nd3 Bc6 16. Bc3 Bd6 17. Qh5 Na6 18. Ne5 Bxe5 19. Bxe5 d6 20.
Bc3 Qd7 21. Qg5 f6 22. Qxd5+ Bxd5 23. Bxd7 Rfd8 24. Bb5 Nc7 25. Be2 Bb3 26. a5 d5 27. Ra3 c4 28. Rc1 Kf7 29. Bd4 Ne6 30.
Bb6 Rd6 31. Bd1 Bxd1 32. Rxd1 f5 33. Rc3 Rc8 34. f3 f4 35. e4 d4 36. Ra3 Ra8 37. Raa1 d3 38. Rac1 Rc8 39. Rc3 Nd4 40.
Bxd4 Rxd4 41. b3 Ra8 42. Rxc4 Rxc4 43. bxc4 Rxa5 44. Rxd3 Ra1+ 45. Kf2 Ra2+ 46. Kf1 Ke6 47. c5 Rc2 48.
Rd5 g6 49. h4 Rc1+ 50. Ke2 1-0

[Event "9e Open International de Porticcio"]
[Site "Porticcio, France"]
[Date "2024.07.01"]
[Round "4.6"]
[White "Terrieux, Kevin"]
[Black "Pak, Alexander"]
[Result "1/2-1/2"]
[TimeControl "1h30+30s/move"]
[WhiteElo "2408"]
[BlackElo "2200"]

1. d4 d5 2. c4 c6 3. cxd5 cxd5 4. Bg5 f6 5. Bd2 e5 6. e4 Nc6 7. dxe5 dxe4 8. Nc3 Nxe5 9. Qa4+ Bd7 10.
Qxe4 Bc6 11. Qe2 Qe7 12. O-O-O O-O-O 13. Be3 Kb8 14. Rxd8+ Qxd8 15. f4 Nd7 16. Nf3 Bc5 17. Nd4 Bxd4 18.
Bxd4 Nh6 19. Qf2 b6 20. Bd3 Nc5 21. Be2 Ng4 22. Qg1 Ne6 23. Bxg4 Nxd4 24. Qf2 h5 25. Rd1 hxg4 26. Rxd4 Qc7 27.
g3 Kb7 28. Rd2 Re8 29. Re2 Rxe2 30. Qxe2 Bf3 31. Qd3 Qc5 32. Qd7+ Ka6 33. Qa4+ Kb7 34. Qd7+ Ka6 35. Qa4+ Kb7 36.
Qd7+ 1/2-1/2

[Event "9e Open International de Porticcio"]
[Site "Porticcio, France"]
[Date "2024.07.01"]
[Round "4.7"]
[White "De Balmann, Marc"]
[Black "Lagarde, Maxime"]
[Result "0-1"]
[TimeControl "1h30+30s/move"]
[WhiteElo "2194"]
[BlackElo "2604"]

1. d4 Nf6 2. c4 g6 3. Nc3 Bg7 4. e4 d6 5. Nf3 O-O 6. Be2 Nbd7 7. O-O e5 8. Be3 c6 9. d5 Ng4 10. Bg5 f6 11. Bd2 c5 12. Qc1 f5 13.
Ng5 Ndf6 14. exf5 gxf5 15. f3 Nh6 16. Bd3 f4 17. Ne6 Bxe6 18. dxe6 Re8 19. g4 Rxe6 20. Qc2 Nf7 21. Be1 h6 22.
Rd1 a6 23. a4 Qf8 24. Qg2 Nd8 25. Nd5 Nxd5 26. cxd5 Re7 27. Qe2 e4 28. Bxe4 Nf7 29. Bh4 Ng5 30. Kh1 Rae8 31. Bxg5 hxg5 32.
h4 gxh4 33. g5 Qf5 34. Rde1 Qh3+ 35. Qh2 Qxh2+ 36. Kxh2 Bxb2 37. Rb1 Be5 38. Rfc1 Rg7 39. g6 Rc7 40. Rc4 Kg7 41. Kh3 Rh8 42.
a5 Kf6 43. Rg1 Rb8 44. Rb1 Bd4 45. Kg4 Ke5 46. Rb6 Rh8 47. Kh3 Rh5 48. Rb1 Rg5 49. Rd1 Rg3+ 50. Kh2 Rg7 51. Rc2 R7xg6 52. Bxg6 Rxg6 53. Rb1 Kxd5 54. Rxb7 c4 55. Kh3 c3 56. Rc7 Rg3+ 57. Kxh4 Rxf3 58. Kg4 Ke4 59. Ra2 Rg3 60. Kh5 f3 61.
Rf7 f2 0-1

[Event "9e Open International de Porticcio"]
[Site "Porticcio, France"]
[Date "2024.07.01"]
[Round "4.8"]
[White "Clarke, Brandon G I"]
[Black "Pieri, Pierre-Louis"]
[Result "1-0"]
[TimeControl "1h30+30s/move"]
[WhiteElo "2498"]
[BlackElo "2190"]

1. e4 e5 2. Nf3 Nc6 3. d4 exd4 4. Nxd4 Nf6 5. Nxc6 bxc6 6. e5 Qe7 7. Qe2 Nd5 8. h4 Qe6 9. Nd2 Nb4 10.
Nf3 Ba6 11. c4 c5 12. Ng5 Qf5 13. g4 Qg6 14. h5 Nc2+ 15. Kd1 Qc6 16. Kxc2 Qxh1 17. e6 dxe6 18. Nxe6 Kd7 19. Qd3+ Kc6 20.
Be2 Qe1 21. Bf4 Bxc4 22. Qe4+ Kd5 1-0

[Event "9e Open International de Porticcio"]
[Site "Porticcio, France"]
[Date "2024.07.01"]
[Round "4.9"]
[White "Daulet, Alikhan"]
[Black "Deladerriere, Helio"]
[Result "1-0"]
[TimeControl "1h30+30s/move"]
[WhiteElo "1877"]
[BlackElo "1850"]

1. d4 d5 2. c4 dxc4 3. Nf3 a6 4. e3 b5 5. a4 Bb7 6. b3 e6 7. bxc4 bxc4 8. Bxc4 Nf6 9. O-O Bd6 10.
Nbd2 O-O 11. Qe2 Nc6 12. a5 e5 13. d5 Ne7 14. e4 c6 15. dxc6 Nxc6 16. Nb3 Nd4 17. Nfxd4 exd4 18. e5 Re8 19.
f4 Nd7 20. Bxf7+ Kxf7 21. Qc4+ Kf8 22. exd6 Rc8 23. Qd3 Kg8 24. Bb2 Nf6 25. Nxd4 Qxd6 26. Qg3 Ne4 27. Qg4 Nf6 28. Qg3 Ne4 29.
Qa3 Qd5 30. Qa2 Rc4 31. Rfe1 Rf8 32. Rxe4 Kh8 33. Qa3 Rg8 34. Rae1 Rc5 35. Nf3 Rxa5 36. Bxg7+ Kxg7 37. Qe7+ Qf7 38.
Qxf7+ Kxf7 39. Re7+ Kg6 40. Rxb7 1-0

[Event "9e Open International de Porticcio"]
[Site "Porticcio, France"]
[Date "2024.07.01"]
[Round "4.10"]
[White "Don Ignazi, Pierre Ange"]
[Black "Blair, Michael"]
[Result "1-0"]
[TimeControl "1h30+30s/move"]
[WhiteElo "1870"]
[BlackElo "1757"]

1. e4 c5 2. Nf3 e6 3. d4 cxd4 4. Nxd4 a6 5. g3 Nc6 6. Nxc6 bxc6 7. Bg2 d5 8. O-O Nf6 9. exd5 cxd5 10.
c4 Rb8 11. cxd5 Nxd5 12. Qe2 Be7 13. Rd1 Qb6 14. Nc3 Nxc3 15. bxc3 Bd7 16. Bf4 Bb5 17. Qe5 O-O 18. Rab1 Rbd8 19.
Rxd8 Qxd8 20. Be4 Bf6 21. Qh5 g6 22. Qf3 Bg7 23. Bc2 Qf6 24. Qe3 Qxc3 25. Qxc3 Bxc3 26. a4 Be2 27. Be4 Rd8 28.
Bc7 Rd1+ 29. Rxd1 Bxd1 30. Bc6 Be2 31. Bb6 g5 32. f3 Kg7 33. Kf2 Bd1 34. Ke3 Be1 35. a5 Bb3 36. Kd3 h5 37.
Bb7 Bb4 38. Bxa6 Bd5 39. Ke2 e5 40. Bd3 Bc3 41. a6 g4 42. fxg4 hxg4 43. Kf2 Kf6 44. Be2 Ke6 45. Bxg4+ f5 46.
Be2 Kd6 47. Bd8 Bd4+ 48. Kf1 f4 49. gxf4 exf4 50. Bd3 f3 51. h4 Be6 52. Ke1 f2+ 53. Kd2 Bg4 54. Bf1 Ba7 55. Bg5 Ke6 56.
Be3 Bb8 57. a7 Bxa7 58. Bxa7 Kf5 59. Ke3 Bd1 60. Bh3+ Bg4 61. Bf1 Bd1 62. Kd2 Bg4 63. Bxf2 Bh5 64. Ke3 Be8 65. Bh3+ Kg6 66. Kf4 Bf7 67. Bg4 Kh6 68. Kf5 Bg6+ 69.
Kf6 Be8 70. Be3 Kh7 71. Bf5+ Kh8 72. Bg6 Bb5 73. Bd4 Bc4 74. h5 Bb3 75. h6 Bg8 76. Kf5# 1-0

[Event "9e Open International de Porticcio"]
[Site "Porticcio, France"]
[Date "2024.07.01"]
[Round "4.11"]
[White "Grisoni, Emma"]
[Black "Bernardi, Alexandre"]
[Result "1/2-1/2"]
[TimeControl "1h30+30s/move"]
[WhiteElo "1746"]
[BlackElo "1866"]

1. e4 e5 2. Nf3 Nc6 3. d4 exd4 4. Bc4 Nf6 5. O-O Nxe4 6. Re1 d5 7. Bxd5 Qxd5 8. Nc3 Qh5 9. Nxe4 Be6 10.
Bg5 Bd6 11. Nxd6+ cxd6 12. Bf4 Qd5 13. c3 O-O 14. Nxd4 Nxd4 15. Qxd4 Qxd4 16. cxd4 Rfd8 17. a4 Rac8 18. Rac1 d5 19.
Rxc8 Rxc8 20. Rc1 Rxc1+ 21. Bxc1 Kf8 22. Kf1 Ke7 23. Ke2 Bf5 24. b4 Ke6 25. Bf4 Bc2 26. a5 Kf5 27. Bb8 a6 28.
Ke3 Bb3 29. Bc7 Bc2 30. Bb8 Bb3 31. Bc7 Bc2 32. Bb8 Bb3 33. Ke4+ Ke5+ 1/2-1/2

[Event "9e Open International de Porticcio"]
[Site "Porticcio, France"]
[Date "2024.07.02"]
[Round "5.1"]
[White "Fedorchuk, Sergey A."]
[Black "Druska, Juraj"]
[Result "1-0"]
[TimeControl "1h30+30s/move"]
[WhiteElo "2546"]
[BlackElo "2466"]

1. e4 e5 2. Nf3 Nf6 3. Nxe5 d6 4. Nf3 Nxe4 5. d3 Nf6 6. d4 d5 7. Bd3 Bd6 8. O-O O-O 9. h3 h6 10.
Re1 Re8 11. Rxe8+ Qxe8 12. Nc3 a6 13. Ne2 Nc6 14. Bf4 Nb4 15. Bxd6 cxd6 16. Ng3 Qa4 17. a3 Nxd3 18. Qxd3 Bd7 19.
Re1 Re8 20. Rxe8+ Nxe8 21. Nh4 Nf6 22. Nhf5 Bxf5 23. Nxf5 Qd7 24. g4 Qe6 25. Qe3 Ne8 26. f3 h5 27. Kf2 hxg4 28. hxg4 g6 29.
Qg5 Nf6 30. c3 a5 31. a4 Qd7 32. Qxf6 gxf5 33. Qxf5 Qxf5 34. gxf5 Kg7 35. Kg3 Kh6 36. Kg4 f6 37. b3 b6 38.
c4 Kg7 39. Kf4 Kh6 40. cxd5 Kh5 41. Ke3 Kg5 42. Ke4 1-0

[Event "9e Open International de Porticcio"]
[Site "Porticcio, France"]
[Date "2024.07.02"]
[Round "5.3"]
[White "Lagarde, Maxime"]
[Black "Yankelevich, Lev"]
[Result "1/2-1/2"]
[TimeControl "1h30+30s/move"]
[WhiteElo "2604"]
[BlackElo "2416"]

1. e4 e5 2. Nf3 Nc6 3. Bb5 a6 4. Ba4 Nf6 5. O-O Be7 6. d3 b5 7. Bb3 d6 8. Bd2 O-O 9. h3 Be6 10.
Nc3 Bxb3 11. axb3 Qd7 12. Re1 Rfe8 13. Nd5 Nxd5 14. exd5 Nd8 15. d4 f6 16. c4 c6 17. dxc6 Qxc6 18.
Rc1 Nf7 19. Ba5 Bd8 20. Qd2 Rb8 21. Bxd8 Rexd8 22. Qc2 bxc4 23. bxc4 Rb4 24. Re3 a5 25. d5 Qb6 26. b3 Rb8 27.
Nd2 Nd8 28. Qf5 Nf7 29. Rg3 Kh8 30. Ne4 Qd8 31. Rcc3 R4b7 32. Rcf3 Nh6 33. Qh5 f5 34. Ng5 Qe8 35. Qxe8+ Rxe8 36.
Rc3 Rc8 37. Ne6 f4 38. Rgd3 Nf5 39. c5 Kg8 40. cxd6 Rxc3 41. Rxc3 Nxd6 42. Rc6 Rd7 43. Nc5 Rd8 44. Ne6 Rd7 45.
Ra6 Ne4 46. f3 Nd2 47. d6 Nxb3 1/2-1/2

[Event "9e Open International de Porticcio"]
[Site "Porticcio, France"]
[Date "2024.07.02"]
[Round "5.4"]
[White "Kavutskiy, Konstantin"]
[Black "Clarke, Brandon G I"]
[Result "0-1"]
[TimeControl "1h30+30s/move"]
[WhiteElo "2345"]
[BlackElo "2498"]

1. d4 Nf6 2. c4 g6 3. Nc3 Bg7 4. e4 d6 5. Nf3 O-O 6. Be2 e5 7. d5 a5 8. h3 Na6 9. Bg5 h6 10. Be3 Nc5 11. Nd2 Nfd7 12. g4 c6 13. Qc2 a4 14. h4 Qa5 15. h5 g5 16. O-O a3 17. Nb3 Qb4 18. Rab1 axb2 19. Qxb2 Na4 20. Nxa4 Qxa4 21.
Nd2 Qxa2 22. Qc1 Bf6 23. Re1 Bd8 24. Nb3 Ba5 25. Bd1 Bxe1 26. Ra1 Qxa1 27. Nxa1 Bb4 28. Nc2 Bc5 29. Bxg5 hxg5 30.
Qxg5+ Kh7 31. Qe7 Ra2 32. g5 Rb2 33. Kg2 Kg7 34. h6+ Kg6 35. Bg4 Rxc2 36. Bxd7 Rxf2+ 37. Kg3 Rg8 38. Bxc8 Rxc8 39.
Qxb7 Rg8 40. dxc6 Kh5 41. Qd7 Rxg5+ 42. Kh3 Rf4 0-1

[Event "9e Open International de Porticcio"]
[Site "Porticcio, France"]
[Date "2024.07.02"]
[Round "5.5"]
[White "Kuru, Atilla"]
[Black "Nevednichy, Vladislav"]
[Result "1-0"]
[TimeControl "1h30+30s/move"]
[WhiteElo "2314"]
[BlackElo "2471"]

1. e4 c5 2. Nf3 d6 3. d4 cxd4 4. Nxd4 Nf6 5. Nc3 Bd7 6. f3 e5 7. Nb3 Bc6 8. Be3 Be7 9. Qd2 d5 10.
exd5 Nxd5 11. Nxd5 Qxd5 12. Qxd5 Bxd5 13. O-O-O Bc6 14. Na5 Nd7 15. Nxc6 bxc6 16. Ba6 Rb8 17. Rhe1 f6 18. f4 Bc5 19.
Bxc5 Nxc5 20. Bf1 Rd8 21. fxe5 Rxd1+ 22. Kxd1 f5 23. Re3 Ke7 24. Ke1 Rd8 25. Ra3 Rd5 26. Rxa7+ Nd7 27. e6 Re5+ 28.
Kf2 Kxe6 29. a4 g5 30. a5 Nf6 31. Be2 Kd6 32. a6 Ne4+ 33. Ke1 Ra5 34. Bd3 Nc5 35. Bxf5 Nxa6 36. Bxh7 Re5+ 37.
Kf2 Nc7 38. Ra4 Ne6 39. g3 Rd5 40. Ke2 Nc5 41. Rc4 Re5+ 42. Kf3 Nd7 43. Rd4+ Kc7 44. Be4 Rb5 45. b3 Ne5+ 46. Kg2 Rb8 47.
Rd2 Rb4 48. Bf5 Rb8 49. h4 gxh4 50. gxh4 Rg8+ 51. Kh3 Rh8 52. Kg3 Rf8 53. Be4 c5 54. Rd5 Nd7 55. Bf5 Nf6 56. Rxc5+ Kd6 57. Ra5 Rg8+ 58. Kf3 Rh8 59.
Kf4 Rh5 60. c4 Ke7 61. Re5+ Kf8 62. Bg6 1-0

[Event "9e Open International de Porticcio"]
[Site "Porticcio, France"]
[Date "2024.07.02"]
[Round "5.6"]
[White "Rakotomaharo, Fy Antenaina"]
[Black "Ouellet, Maili-Jade"]
[Result "1-0"]
[TimeControl "1h30+30s/move"]
[WhiteElo "2448"]
[BlackElo "2290"]

1. Nf3 d5 2. e3 c5 3. c4 d4 4. b4 dxe3 5. fxe3 cxb4 6. d4 Nf6 7. Bd3 Nbd7 8. O-O Qc7 9. a3 e5 10.
Nbd2 bxa3 11. Qa4 Qc6 12. Qc2 Be7 13. Ne4 Nxe4 14. Bxe4 Qc7 15. Bxh7 e4 16. Bxe4 Bd6 17. h3 Nf6 18.
Bxa3 Bxa3 19. Rxa3 Bxh3 20. Ne5 Be6 21. Rb1 Bc8 22. Qa4+ Kd8 23. Bf3 Re8 24. Rab3 Re7 25. c5 Ne8 26.
Bxb7 Bxb7 27. Rxb7 Qxb7 28. Rxb7 Rxb7 29. Qc6 Rab8 30. Qd5+ Kc8 31. Nxf7 1-0

[Event "9e Open International de Porticcio"]
[Site "Porticcio, France"]
[Date "2024.07.02"]
[Round "5.7"]
[White "Nayak Rajesh"]
[Black "Terrieux, Kevin"]
[Result "1-0"]
[TimeControl "1h30+30s/move"]
[WhiteElo "2185"]
[BlackElo "2408"]

1. e4 c5 2. Nf3 d6 3. d4 cxd4 4. Nxd4 Nf6 5. Nc3 Nc6 6. Bg5 e6 7. Qd2 Qb6 8. Nb3 a6 9. O-O-O Qc7 10.
f4 b5 11. e5 dxe5 12. fxe5 Nd7 13. Ne4 Ncxe5 14. Nd4 Bb7 15. Qe2 Rc8 16. Kb1 Nc4 17. g3 Bxe4 18. Qxe4 Nc5 19. Qf3 Bd6 20.
Bxc4 bxc4 21. Qe2 c3 22. Nf5 Be5 23. Be7 Qb7 24. b3 exf5 25. Qxe5 Qxe7 26. Qxg7 Rf8 27. Qxc3 Qe6 28. Rhe1 Ne4 29.
Qb4 Rg8 30. c4 Qe7 31. Qa5 Rc5 32. Qxa6 Kf8 33. Qh6+ Rg7 34. g4 Re5 35. gxf5 f6 36. Kc2 Nd6 37. Rxe5 Qxe5 38. Rd5 Nxf5 39.
Rxe5 Nxh6 40. Rh5 Ng4 41. a4 Ke7 42.
a5 Kd6 43. Rd5+ Kc7 44. Kc3 Ne5 45. Rd4 Nc6 46. Rf4 Nxa5 47. Rxf6 Nc6 48. b4 Re7 49. b5 Ne5 50. h3 Nd7 51.
Rh6 Kb7 52. Kb4 Nb6 53. c5 Re4+ 1-0

[Event "9e Open International de Porticcio"]
[Site "Porticcio, France"]
[Date "2024.07.02"]
[Round "5.8"]
[White "Bulmaga, Irina"]
[Black "Ha, Yihan"]
[Result "1-0"]
[TimeControl "1h30+30s/move"]
[WhiteElo "2391"]
[BlackElo "2166"]

1. e4 c6 2. d4 d5 3. e5 Bf5 4. Nf3 e6 5. Be2 c5 6. Be3 cxd4 7. Nxd4 Ne7 8. O-O Nbc6 9. Bb5 Qb8 10.
c4 Qxe5 11. Qa4 Qc7 12. Rc1 dxc4 13. Nd2 Bd3 14. Nxc4 Rc8 15. Qxa7 Nd5 16. Nxc6 bxc6 17. Bxc6+ Ke7 18. Qa3+ Kd8 19.
Qxd3 Qxc6 20. Nb6 1-0

[Event "9e Open International de Porticcio"]
[Site "Porticcio, France"]
[Date "2024.07.02"]
[Round "5.10"]
[White "Vuitton, Gilles"]
[Black "Don Ignazi, Pierre Ange"]
[Result "1/2-1/2"]
[TimeControl "1h30+30s/move"]
[WhiteElo "1980"]
[BlackElo "1870"]

1. Nf3 Nf6 2. c4 g6 3. Nc3 Bg7 4. e4 d6 5. d4 O-O 6. Be2 e5 7. d5 Nbd7 8. Bg5 a5 9. Nd2 Nc5 10.
h4 h6 11. Be3 Qe7 12. h5 g5 13. g4 c6 14. f3 Bd7 15. Nf1 Rfd8 16. Ng3 Ne8 17. O-O Qf8 18. b3 Bf6 19. Qd2 Be7 20.
Rac1 Nc7 21. Nf5 Bxf5 22. gxf5 f6 23. Kf2 Kh7 24. Rh1 Qf7 25. Na4 Ne8 26. Rh2 Nc7 27. Nc3 N7a6 28. Rb1 Nc7 29.
Kg3 Qe8 30. Kg4 Qf7 31. Qd1 Ne8 32. a3 Bf8 33. b4 axb4 34. axb4 Nd7 35. Ra1 c5 36. b5 Nb6 37. Bd3 Ng7 38.
Na4 Qc7 39. Rha2 Nd7 40. Qb3 b6 41. Nc3 Qb7 42. Ra6 Ne8 43. Qa2 Nc7 44. Ra7 Rxa7 45. Qxa7 Rb8 46. Qxb7 Rxb7 47. Ne2 Be7 48.
Kh3 Kg7 49. Kg2 Kf7 50. Kf2 Ke8 51. Ke1 Kd8 52. Kf2 Kc8 53. Ng1 Ne8 54. Ra8+ Nb8 55. Ne2 Bd8 56. Ng3 Rh7 57. Ra1 Kb7 58.
Be2 Rg7 59. Kg2 Be7 60. Kh3 Bf8 61.
Kg4 Rd7 62. Nh1 Bg7 63. Nf2 Nc7 64. Nh1 Rd8 65. Bd2 Nd7 66. Ng3 Bf8 67. Be3 Bg7 68. Bd2 Bf8 69. Be3 Bg7 70. Bd2 Bf8 71. Be3 1/2-1/2

[Event "9e Open International de Porticcio"]
[Site "Porticcio, France"]
[Date "2024.07.02"]
[Round "6.4"]
[White "Bulmaga, Irina"]
[Black "Rakotomaharo, Fy Antenaina"]
[Result "1-0"]
[TimeControl "1h30+30s/move"]
[WhiteElo "2391"]
[BlackElo "2448"]

1. e4 g6 2. d4 Bg7 3. Nc3 d6 4. Nf3 Nf6 5. Be2 a6 6. O-O O-O 7. a4 Nc6 8. h3 e5 9. dxe5 dxe5 10.
Bc4 Qe7 11. Nd5 Nxd5 12. Bxd5 Rd8 13. Bg5 Bf6 14. Bxf6 Qxf6 15. Qe2 Ne7 16. Rad1 Kg7 17. Qe3 Nxd5 18. exd5 Re8 19. Rfe1 e4 20.
Nd2 Qxb2 21. Qc5 Bf5 22. Rb1 Qe5 23. Rxb7 c6 24. g4 Be6 25. Rxe4 Qxd5 26. Qc3+ Kg8 27. Re5 Qd8 28. Ne4 Qh4 29.
Rh5 gxh5 30. Nf6+ Qxf6 31. Qxf6 hxg4 32. hxg4 Rad8 33. Rb1 Rd5 34. Re1 Red8 35. Kh2 a5 36. Kg3 Rb8 37. f4 Rd7 38.
Qg5+ Kf8 39. Qh6+ 1-0

[Event "9e Open International de Porticcio"]
[Site "Porticcio, France"]
[Date "2024.07.02"]
[Round "6.5"]
[White "Druska, Juraj"]
[Black "Nayak Rajesh"]
[Result "1/2-1/2"]
[TimeControl "1h30+30s/move"]
[WhiteElo "2466"]
[BlackElo "2185"]

1. Nf3 Nf6 2. g3 e6 3. Bg2 d5 4. O-O Be7 5. c4 O-O 6. d4 dxc4 7. Qc2 b5 8. a4 Bb7 9. axb5 a6 10.
bxa6 Nxa6 11. Qxc4 Bd5 12. Qc3 c5 13. Be3 Ng4 14. Bf4 cxd4 15. Qxd4 Bc5 16. Qc3 Qb6 17. e3 Qb7 18. Ne1 Bxg2 19.
Nxg2 Rfc8 20. Qd2 e5 21. h3 exf4 22. hxg4 fxg3 23.
fxg3 Rd8 24. Qe2 Nc7 25. Rxa8 Rxa8 26. Nc3 Ne6 27. Qf3 Qxf3 28. Rxf3 Rb8 29. Rf2 Rb4 30. Rc2 Rxg4 31. Kf2 g5 32. Nd5 Kg7 33. Nc7 Be7 34. Nxe6+ fxe6 35.
Kf3 h5 36. Ne1 Bd6 37. Rg2 Rb4 38. Rd2 Bb8 39. Nd3 Rg4 40. Rg2 Rc4 41. Rd2 Rg4 42. Rg2 Rc4 43. Rd2 Rg4 44. Ke4 1/2-1/2

[Event "9e Open International de Porticcio"]
[Site "Porticcio, France"]
[Date "2024.07.02"]
[Round "6.6"]
[White "Roux, Baptiste"]
[Black "Lagarde, Maxime"]
[Result "0-1"]
[TimeControl "1h30+30s/move"]
[WhiteElo "2352"]
[BlackElo "2604"]

1. e4 e6 2. d4 d5 3. Nd2 c5 4. exd5 exd5 5. Bb5+ Bd7 6. Qe2+ Be7 7. dxc5 Nf6 8. Ngf3 O-O 9. O-O Re8 10.
Bxd7 Nbxd7 11. Nb3 Bxc5 12. Qd3 Bb6 13. Bg5 h6 14. Bh4 Re4 15. Bg3 Qe7 16. Rfe1 Nc5 17. Nxc5 Bxc5 18. Kf1 Re8 19.
c3 Qe6 20. h3 a6 21. Rad1 Qf5 22. Qd2 Rxe1+ 23. Nxe1 Ne4 24. Qf4 Qe6 25. Kg1 g5 26. Qf3 Nd2 0-1

[Event "9e Open International de Porticcio"]
[Site "Porticcio, France"]
[Date "2024.07.02"]
[Round "6.7"]
[White "Roebers, Eline"]
[Black "Hamdouchi, Hicham"]
[Result "0-1"]
[TimeControl "1h30+30s/move"]
[WhiteElo "2326"]
[BlackElo "2527"]

1. e4 c5 2. Nf3 e6 3. d4 cxd4 4. Nxd4 Nc6 5. Nc3 Qc7 6. Be2 a6 7. O-O Nf6 8. Be3 d6 9. a3 Bd7 10.
f4 Be7 11. Qe1 Rc8 12. Qg3 g6 13. Kh1 h5 14. f5 gxf5 15. exf5 Nxd4 16. Bxd4 e5 17. Be3 Bc6 18. Bf3 Rg8 19.
Qh4 Bxf3 20. Rxf3 Rg4 21. Qe1 d5 22. h3 Rg8 23. Qh4 e4 24. Rf4 Qe5 25. Qf2 Bd6 26. Rd1 Rc4 27. g3 Rxc3 28. bxc3 Qxc3 29. Bd4 Qxg3 30.
Qxg3 Rxg3 31. Rh4 Be7 32. a4 Ra3 33.
c4 Rd3 34. Rxd3 exd3 35. Rf4 d2 36. Rf1 dxc4 37. Kg2 Ne4 38. Kf3 c3 39. Kxe4 c2 0-1

[Event "9e Open International de Porticcio"]
[Site "Porticcio, France"]
[Date "2024.07.02"]
[Round "6.8"]
[White "Anwesh, Upadhyaya"]
[Black "Priansh Das"]
[Result "1-0"]
[TimeControl "1h30+30s/move"]
[WhiteElo "2354"]
[BlackElo "2263"]

1. d4 Nf6 2. c4 g6 3. g3 Bg7 4. Bg2 O-O 5. Nc3 d6 6. Nf3 Nbd7 7. O-O c6 8. e4 e5 9. h3 Qc7 10.
Re1 a5 11. Be3 Re8 12. d5 Nc5 13. Nd2 Bd7 14. Bf1 Qb8 15. a3 cxd5 16. cxd5 b5 17. b4 axb4 18. axb4 Na4 19. Nxa4 Rxa4 20. Qb1 Rxa1 21. Qxa1 Qb7 22.
Qb1 Bf8 23. Nb3 Be7 24. Na5 Qa6 25.
Qd3 Rc8 26. Ra1 Bd8 27. Ra3 Bxa5 28. Rxa5 Qb7 29. Ra7 Qb8 30. Qa3 Kg7 31. Qa6 Be8 32. f3 Rc3 33. Kf2 Qd8 34. Qb6 Qc8 35. Qxd6 Rc2+ 36.
Kg1 Nd7 37. Ra3 h5 38. h4 Kh7 39. Qa6 Qd8 40. Qxb5 Qf6 41.
Qd3 Rb2 42. Qc3 Rb1 43. Bf2 Nb6 44. Rb3 Na4 45. Qc2 Ra1 46. b5 Nb6 47. Rb1 Ra3 48. Rb3 Ra1 49. Kg2 Bd7 50. Rb1 Ra3 51.
Be2 Na4 52. Rb3 Ra1 53. b6 g5 54. hxg5 Qxg5 55. Rb1 Rxb1 56. Qxb1 Nc3 57. Qb2 Nxe2 58. Qxe2 Qc1 59. Qe1 Qb2 60.
Qh1 Kg6 61. Qh4 Qb1 62. Qh1 Qb2 63. Qe1 f6 64. d6 Kg7 65. Qd1 Qb5 66. Qc2 Kg6 67. f4 exf4 68. gxf4 f5 69. Qc5 Qb1 70.
Qd5 Kh6 71. b7 h4 72. Qe5 Qxb7 73. Qf6+ Kh7 74. Qxh4+ Kg6 75. Qg5+ Kf7 76. Qh5+ Kg8 77. Qg6+ Kf8 78. Qf6+ Kg8 79.
Qd8+ Kf7 80. Kh2 fxe4 81. Bd4 Ke6 82. Qe7+ Kd5 83. Qe5+ Kc4 84. Qc5+ Kb3 85. f5 Bb5 86. Qc3+ Ka4 87.
Qc2+ Kb4 88. Bc5+ Ka5 89. Qc3+ 1-0

[Event "9e Open International de Porticcio"]
[Site "Porticcio, France"]
[Date "2024.07.02"]
[Round "6.9"]
[White "Daulet, Alikhan"]
[Black "Don Ignazi, Pierre Ange"]
[Result "1-0"]
[TimeControl "1h30+30s/move"]
[WhiteElo "1877"]
[BlackElo "1870"]

1. d4 Nf6 2. c4 g6 3. Nc3 Bg7 4. e4 d6 5. Be2 O-O 6. Be3 e5 7. d5 Nbd7 8. h4 h6 9. g4 Ne8 10.
Qd2 Kh7 11. h5 g5 12. Bd1 a5 13. Nge2 Nc5 14. Nc1 Nf6 15. f3 Nfd7 16. b3 Nb6 17. Rb1 Bd7 18. Nd3 Nxd3+ 19. Qxd3 Qf6 20.
Rh2 Rfb8 21. Rc2 c5 22. dxc6 bxc6 23. c5 dxc5 24. Bxc5 Be6 25. Ne2 Rd8 26. Qc3 Nd7 27. Bf2 Bf8 28.
Kf1 Rab8 29. Ng3 Bb4 30. Qe3 c5 31. Be2 Nb6 32. Bb5 Rdc8 33. Qe2 Qf4 34. Kg2 Qf6 35. Rd1 Qe7 36. Nf1 Rd8 37.
Ne3 Rxd1 38. Qxd1 Rd8 39. Qa1 Qc7 40. a3 Bd2 41. Nf1 Bf4 42. Rxc5 Qb8 43. Qc3 Nd7 44. Bxd7 Rxd7 45. Be3 Qxb3 46.
Qxb3 Bxb3 47. Rxa5 Rd1 48. Rc5 Ra1 49. Rc3 Rxa3 50. Bf2 Kg7 51. Kg1 Kh7 52. Bc5 Ra5 53. Bb4 Ra1 54. Rxb3 Ra2 55.
Rd3 Bc1 56. Bd2 Bb2 57. Be3 Ba1 58. Ng3 Bb2 59. Nf5 Ba3 60. Rd7 Ra1+ 61. Kg2 Ra2+ 62. Kh3 Bf8 63. Rxf7+ Kh8 64. Rxf8+ Kh7 65. Rf6 Re2 66. Rxh6+ Kg8 67. Bxg5 Kf8 68. Rf6+ Kg8 69. h6 Kh8 70. Rf7 Kg8 71. h7+ 1-0

[Event "9e Open International de Porticcio"]
[Site "Porticcio, France"]
[Date "2024.07.02"]
[Round "6.10"]
[White "Bernardi, Nicolas"]
[Black "Grisoni, Emma"]
[Result "0-1"]
[TimeControl "1h30+30s/move"]
[WhiteElo "1832"]
[BlackElo "1746"]

1. e4 c5 2. Nf3 d6 3. d4 cxd4 4. Nxd4 Nf6 5. Nc3 g6 6. Be3 Bg7 7. f3 O-O 8. Qd2 Nc6 9. O-O-O Nxd4 10.
Bxd4 Be6 11. Kb1 Qc7 12. h4 Rfc8 13. h5 Qa5 14. a3 Rab8 15. hxg6 hxg6 16. Bd3 b5 17. Qg5 Qd8 18. Nd5 Bxd5 19.
exd5 b4 20. b3 bxa3 21. Ka2 Qa5 22. Bxg6 e5 23. Bd3 exd4 24. Rh6 Nxd5 25. Bf5 Rxc2+ 0-1

[Event "9e Open International de Porticcio"]
[Site "Porticcio, France"]
[Date "2024.07.02"]
[Round "6.11"]
[White "Charni, Ilyes"]
[Black "Vuitton, Gilles"]
[Result "1/2-1/2"]
[TimeControl "1h30+30s/move"]
[WhiteElo "1858"]
[BlackElo "1980"]

1. e4 e5 2. Nf3 Nc6 3. Bc4 Nf6 4. d3 h6 5. c3 d6 6. Nbd2 g6 7. O-O Bg7 8. Bb3 O-O 9. Re1 g5 10.
Nf1 Ne7 11. a4 c6 12. d4 Qc7 13. dxe5 dxe5 14. Qc2 Nh5 15. Ne3 Bf6 16. Nc4 Be6 17. Be3 Ng6 18. Rad1 Be7 19. Ncd2 g4 20.
Bxe6 fxe6 21. Bxh6 gxf3 22. Bxf8 Rxf8 23. Nxf3 Rxf3 24. gxf3 Nh4 25. Kh1 Bc5 26. Rg1+ Kh7 27. Qd2 Qf7 28.
Qe2 Nf4 29. Qf1 Qh5 30. Rd7+ Kh6 31. Rg3 Nxf3 32. h3 Ng5 33. Kh2 Nf3+ 34. Kh1 Ng5 35. Kh2 Nxe4 36. Rgg7 Nf6 1/2-1/2

[Event "9e Open International de Porticcio"]
[Site "Porticcio, France"]
[Date "2024.07.03"]
[Round "7.1"]
[White "Fedorchuk, Sergey A."]
[Black "Batsiashvili, Nino"]
[Result "1/2-1/2"]
[TimeControl "1h30+30s/move"]
[WhiteElo "2546"]
[BlackElo "2450"]

1. e4 e5 2. Nf3 Nc6 3. Bc4 Nf6 4. d3 Bc5 5. O-O a5 6. Be3 Bxe3 7. fxe3 O-O 8. Nc3 d6 9. Ng5 Qe7 10.
Qe1 Nd8 11. Qg3 c6 12. a4 Ng4 13. Nh3 h5 14. Kh1 Be6 15. Rf3 Bxc4 16. dxc4 Ne6 17. Raf1 Rae8 18. Nf2 Nh6 19. Nh3 g6 20.
b3 Kg7 21. Ne2 Ng4 22. Nc3 b6 23. Qe1 Nc5 24. Qg3 Ne6 25. Qe1 Nc5 26. Qg3 Ne6 27. Qe1 Nc5 28. Qg3 1/2-1/2